 Dungeon Crawl Stone Soup version 0.31-a0-115-g4708a659fe (webtiles) character file.

Game seed: 7905680357956610951

4393 Drazool the Fighter (level 10, -1/109 HPs)
             Began as a Naga Hunter on May 29, 2023.
             Slain by a vampire
             ... wielding a +4 vampiric halberd
              (14 damage)
             ... in a bailey.
             The game lasted 00:19:38 (7284 turns).

Drazool the Fighter (Naga Hunter)                   Turns: 7284, Time: 00:19:39

Health: -1/109     AC: 13    Str: 14    XL:     10   Next: 35%
Magic:  0/10       EV:  8    Int: 10    God:
Gold:   486        SH:  0    Dex: 18    Spells: 9/9 levels left

rFire   + . .        a - +0 shortbow (drain)
rCold   . . .        (shield currently unavailable)
rNeg    + . .        t - +2 robe {rF+}
rPois   +            h - +1 helmet
rElec   .            (no cloak)
rCorr   .            (no gloves)
SInv    +            g - +1 barding
Will    +....        y - amulet of guardian spirit
Stlth   ++           N - ring of positive energy
HPRegen 0.38/turn    (no ring)
MPRegen 0.12/turn

%: guardian spirit
@: very slow
A: AC +3, large, see invisible, deformed body, poison resistance, slowness 2,
spit poison 1, naga tail 1
a: Spit Poison


You were in a bailey.
You visited 1 branch of the dungeon, and saw 9 of its levels.
You also visited: Bailey.

You collected 486 gold pieces.


Innate Abilities, Weirdness & Mutations

Your serpentine skin is tough. (AC +3)
You have supernaturally acute eyesight. (SInv)
Armour fits poorly on your strangely shaped body.
Your system is resistant to poisons. (rPois)
You cover ground very slowly.
You can spit poison.
You have a snake-like lower body.


   Skills:
 + Level 12.9 Fighting
 - Level 7.6 Ranged Weapons
 - Level 1.5 Dodging
 - Level 1.5 Stealth


You had 9 spell levels left.
You didn't know any spells.
Your spell library contained the following spells:

 Spells                   Type           Power      Damage    Failure   Level
 Magic Dart               Conj           0%         1d3       36%         1
 Searing Ray              Conj           0%         2d4       50%         2
 Fulminant Prism          Conj/Hex       0%         3d5       98%         4

Inventory:

Hand Weapons
 a - a +0 shortbow of draining (weapon)
 b - a +2 dagger of venom
 A - a +4 falchion
Missiles
 n - a throwing net {=f}
 q - 10 boomerangs
 s - 12 poisoned darts
Armour
 c - a +0 leather armour
 g - a +1 barding (worn)
 h - a +1 helmet (worn)
 r - a scarf of shadows
 t - a +2 robe of fire resistance (worn)
Jewellery
 j - an amulet of magic regeneration
 y - an amulet of guardian spirit (around neck)
 N - a ring of positive energy (left hand)
Wands
 p - a wand of polymorph (8)
Scrolls
 e - 2 scrolls of immolation
 k - a scroll of poison
 l - a scroll of fog
 m - a scroll of enchant armour
 u - 2 scrolls of enchant weapon
 x - a scroll of noise
 z - a scroll of fear
Potions
 d - a potion of brilliance
 i - 3 potions of curing {@q1}
 o - a potion of enlightenment {unknown}
 v - a potion of attraction {unknown}
 w - a potion of mutation
 B - a potion of haste {unknown}

Dungeon Overview and Level Annotations

Branches:
Dungeon (9/15)             Temple (0/1) D:6            Lair (0/5) D:9
 Bailey (1/1)
    Orc: D:9-12

Altars:
Kikubaaqudgha
Makhleb
Ru
Sif Muna
Xom
The Shining One

Shops:
D:3 (   D:6 :

Annotations:
D:9 exclusion: two-headed ogre

▒▒[ ▒▒ ▒.. .8▒ ▒.. ..▒
▒▒▒▒▒▒▒▒▒▒..▒ ▒..▒
▒8.......▒...▒▒...▒
▒8.......▒▒......▒
▒▒▒▒▒▒▒...▒▒.V..▒
▒8....▒▒...▒▒@'▒▒▒
▒▒+▒...)..▒)........▒
...▒...).))........8▒
...▒...▒....▒▒▒▒▒▒▒▒▒
...'...▒▒..▒▒.....8▒
...'....▒▒▒▒.......▒
...▒▒▒▒...▒...♣....▒
...▒..▒...........▒▒▒▒▒
▒▒'▒..▒...♣)♣.....▒...▒


You could see a vampire (invisible).


Message History

* * * LOW HITPOINT WARNING * * *
Okay, then.
You shoot an arrow.
The arrow hits the vampire but does no damage.
The vampire is heavily damaged.
The vampire hits you with a +4 vampiric halberd!
* * * LOW HITPOINT WARNING * * *
The vampire barely misses you.
You shoot an arrow. The arrow barely misses the vampire.
The vampire hits you but does no damage.
The vampire bites you.
* * * LOW HITPOINT WARNING * * *
You shoot an arrow.
The arrow hits the vampire but does no damage.
The vampire is heavily damaged.
The vampire hits you with a +4 vampiric halberd!
* * * LOW HITPOINT WARNING * * *
The vampire bites you but does no damage.
You shoot an arrow. The arrow hits the vampire!
The vampire is severely damaged.
The vampire hits you with a +4 vampiric halberd!
* * * LOW HITPOINT WARNING * * *
The vampire draws strength from your wounds!
The vampire bites you but does no damage.
You can't see any enemies this would affect, really read the scroll of fear?
Okay, then.
Okay, then.
It was a potion of curing.
You feel better.
The vampire hits you with a +4 vampiric halberd!
You die...

Skill      XL: |  1  2  3  4  5  6  7  8  9 10 |
---------------+-------------------------------+-----
Ranged Weapons | 4 5 6 7 |  7.6
Fighting       | 5 8 11 12 | 12.9
Dodging        | |  1.5
Stealth        | |  1.5

Action                     |  1- 3 |  4- 6 |  7- 9 | 10-12 || total
---------------------------+-------+-------+-------+-------++-------
  Melee: Dagger            |       |       |    50 |       ||    50
   Fire: Shortbow          |    66 |   138 |   365 |   218 ||   787
Ability: Spit Poison       |     7 |    16 |    26 |       ||    49
    Use: Scroll            |     5 |     5 |     8 |       ||    18
         Potion            |       |       |     1 |     2 ||     3
 Armour: Leather armour    |     6 |    19 |    14 |       ||    39
         Skin              |       |    21 |       |       ||    21
         Robe              |       |       |   120 |   112 ||   232
  Dodge: Dodged            |    15 |    29 |    96 |    87 ||   227

Levels and vault maps discovered:
D:1:      nzn_arrival_settlement, layout_basic
D:2:      layout_rooms, minmay_bisected, uniq_robin, uniq_natasha
D:3:      layout_loops_cross, serial_shops, shop
D:4:      layout_rooms, ebering_dispersal_statue_hall,
          chequers_serial_rivers_marsh, kennysheep_nondescript,
          uniq_blork_the_orc, uniq_grinder, uniq_ijyb
D:5:      minmay_diamond_boxcup, layout_loops_ring, kennysheep_little_box
D:6:      minmay_recursive_quarters, layout_loops_ring,
          mainiacjoe_overflow_chevrons, nicolae_shop_i_like_small_books_too,
          st_stairs_4
D:7:      minmay_general_purpose_star, layout_rooms, minmay_manual_monstrance
D:8:      layout_basic, enter_bailey_8, guppyfry_shop_venom
D:9:      layout_rooms, minitemple, erik_lair_orcish_takeover, serial_ice,
          serial_ice_o, serial_ice_b, serial_ice_m, serial_ice_l
Bailey:   bailey_polearm_vampire_castle_hellmonk, bailey

Notes
Turn   | Place    | Note
-------+----------+-------------------------------------------
     0 | D:1      | Drazool the Naga Hunter began the quest for the Orb.
     0 | D:1      | Reached XP level 1. HP: 19/19 MP: 1/1
   192 | D:1      | Reached skill level 4 in Ranged Weapons
   192 | D:1      | Reached XP level 2. HP: 26/26 MP: 2/2
   912 | D:2      | Reached XP level 3. HP: 32/32 MP: 3/3
  1144 | D:2      | Reached skill level 5 in Ranged Weapons
  1163 | D:2      | Noticed Natasha
  1225 | D:2      | Reached XP level 4. HP: 39/39 MP: 4/4
  1227 | D:2      | Noticed Robin
  1441 | D:2      | Killed Robin
  1655 | D:2      | Killed Natasha
  1708 | D:2      | Noticed Natasha
  1712 | D:2      | Killed Natasha
  1713 | D:2      | Reached XP level 5. HP: 45/45 MP: 5/5
  1810 | D:2      | Noticed Natasha
  1818 | D:2      | Killed Natasha
  1819 | D:2      | Reached skill level 6 in Ranged Weapons
  2118 | D:3      | Found Soiti's Antique Weapon Shoppe.
  2303 | D:3      | Reached XP level 6. HP: 52/52 MP: 6/6
  2852 | D:4      | Noticed Grinder
  2852 | D:4      | Noticed Ijyb
  2865 | D:4      | Killed Ijyb
  2874 | D:4      | Paralysed by Grinder for 2 turns
  2887 | D:4      | Killed Grinder
  2888 | D:4      | Reached skill level 7 in Ranged Weapons
  2888 | D:4      | Reached XP level 7. HP: 46/60 MP: 7/7
  3094 | D:4      | Noticed Blork the orc
  3105 | D:4      | Killed Blork the orc
  3106 | D:4      | Reached skill level 3 in Fighting
  3114 | D:4      | Reached skill level 4 in Fighting
  3312 | D:4      | Reached skill level 5 in Fighting
  3312 | D:4      | Reached XP level 8. HP: 74/74 MP: 8/8
  3576 | D:5      | Entered Level 5 of the Dungeon
  3652 | D:5      | Found a shimmering blue altar of Sif Muna.
  3738 | D:5      | Reached skill level 6 in Fighting
  4260 | D:5      | Reached skill level 7 in Fighting
  4433 | D:5      | Reached skill level 8 in Fighting
  4799 | D:6      | Found a sacrificial altar of Ru.
  4826 | D:6      | Reached XP level 9. HP: 88/90 MP: 9/9
  4891 | D:6      | Reached skill level 9 in Fighting
  4936 | D:6      | Found a staircase to the Ecumenical Temple.
  5252 | D:6      | Found Peteh's Tiny Tomes.
  5357 | D:6      | Reached skill level 10 in Fighting
  6179 | D:7      | You fall into a shaft and drop 2 floors!
  6179 | D:9      | Found a shimmering altar of Xom.
  6179 | D:9      | Found a burning altar of Makhleb.
  6179 | D:9      | Found an ancient bone altar of Kikubaaqudgha.
  6186 | D:9      | Found a glowing golden altar of the Shining One.
  6204 | D:9      | Found a staircase to the Lair.
  6219 | D:9      | Reached skill level 11 in Fighting
  6351 | D:9      | Noticed a two-headed ogre
  6495 | D:8      | Reached XP level 10. HP: 106/106 MP: 10/10
  6583 | D:8      | Reached skill level 12 in Fighting
  6616 | D:8      | Found a flagged portal.
  6771 | Bailey   | Entered a bailey
  7128 | Bailey   | Noticed a gargoyle
  7139 | Bailey   | Killed a gargoyle
  7283 | Bailey   | HP: 5/109 [vampire/+4 vampiric halberd (10)]
  7284 | Bailey   | Slain by a vampire

Vanquished Creatures
  A gargoyle (Bailey)
  Grinder (D:4)
  A shadow (D:8)
  A wyvern (D:8)
  3 wargs (D:9)
  An acid dragon (D:7)
  A black bear (D:5)
  2 ice beasts
  6 ogres
  A centaur (D:8)
  2 kobold brigands
  2 bullfrogs
  Blork the orc (D:4)
  2 scorpions
  4 wights (D:8)
  7 vampire bats (Bailey)
  2 howler monkeys
  4 orc priests
  4 jellies
  5 hounds
  A gnoll bouda (D:6)
  2 sleepcaps
  3 iguanas
  Ijyb (D:4)
  Natasha (thrice) (D:2)
  12 orc wizards
  Robin (D:2)
  7 gnolls
  9 adders
  A shadow imp (D:6)
  A white imp (D:6)
  3 worms
  2 dart slugs
  25 orcs
  6 ball pythons
  7 bats
  7 endoplasms
  2 giant cockroaches
  11 hobgoblins
  8 jackals
  3 quokkas
  2 frilled lizards
  14 goblins
  10 kobolds
  21 orc zombies (Bailey)
  3 rats
216 creatures vanquished.

Table legend: (Time is in decaauts)
 A = Elapsed time spent in this place.
 B = Non-inter-level travel time spent in this place.
 C = Inter-level travel time spent in this place.
 D = Time resting spent in this place.
 E = Time spent auto-exploring this place.
 F = Levels seen in this place.
 G = Mean time per level.
                   A        B        C        D        E       F      G
               +--------+--------+--------+--------+--------+-----+--------+
         Total |   9199 |   8821 |    378 |    862 |   6276 |  10 |  919.9 |
       Dungeon |   8640 |   8262 |    378 |    862 |   5905 |   9 |  960.0 |
        Bailey |    558 |    558 |      0 |      0 |    371 |   1 |  558.0 |
               +--------+--------+--------+--------+--------+-----+--------+

Top non-repeatable levels by time:
     D:2: 1619 daAuts
     D:5: 1533 daAuts
     D:6: 1311 daAuts
     D:1: 1153 daAuts
     D:3: 960 daAuts
     D:4: 915 daAuts
  Bailey: 558 daAuts
     D:8: 462 daAuts
     D:7: 440 daAuts
     D:9: 242 daAuts

Table legend:
 A = Non-vault XP
 B = Vault XP
 C = Vault XP percentage of total XP
 D = Non-vault monster count
 E = Vault monster count
 F = Vault count percentage of total count
                 A         B        C        D         E       F
            +---------+---------+-------+---------+---------+-------
      Total |    3227 |    3050 |  48.6 |     141 |      75 |  34.7
            +---------+---------+-------+---------+---------+-------
        D:1 |      28 |       0 |   0.0 |      18 |       0 |   0.0
        D:2 |     131 |      86 |  39.6 |      15 |      16 |  51.6
        D:3 |     125 |       0 |   0.0 |      28 |       0 |   0.0
        D:4 |     470 |     416 |  47.0 |      26 |       3 |  10.3
        D:5 |     480 |     567 |  54.2 |      16 |       8 |  33.3
        D:6 |     570 |     317 |  35.7 |      12 |       6 |  33.3
        D:7 |     467 |      92 |  16.5 |       8 |       3 |  27.3
        D:8 |     956 |       0 |   0.0 |      18 |       0 |   0.0
        D:9 |       0 |     684 | 100.0 |       0 |      10 | 100.0
     Bailey |       0 |     888 | 100.0 |       0 |      29 | 100.0
            +---------+---------+-------+---------+---------+-------
